 Dungeon Crawl Stone Soup version 0.20-a0-1026-gc3ddcbd (webtiles) character file.

79 Jarlath the Chiller (level 4, -5/24 HPs)
             Began as a Deep Elf Ice Elementalist on Apr 20, 2017.
             Killed by nerve-wracking pain
             ... invoked by an orc priest
              (14 damage)
             ... on level 3 of the Dungeon.
             The game lasted 00:02:22 (2430 turns).

Jarlath the Chiller (Deep Elf Ice Elementalist)     Turns: 2430, Time: 00:02:23

Health: -5/24      AC:  5    Str:  6    XL:     4   Next: 17%
Magic:  12/12      EV: 12    Int: 22    God:
Gold:   70         SH:  0    Dex: 15    Spells: 7/11 levels left

rFire    . . .     SeeInvis .   (no weapon)
rCold    . . .     Gourm    .   (no shield)
rNeg     . . .     Faith    .   p - +0 leather armour
rPois    .         Spirit   .   (no helmet)
rElec    .         Reflect  .   (no cloak)
rCorr    .         Harm     .   (no gloves)
MR       .....                  (no boots)
Stlth    ++........             (no amulet)
Regen    0.1/turn               (no ring)
MPRegen  0.2/turn               (no ring)

@: no status effects
A: slimy green scales 1, clever 1
a: no special abilities


You were on level 3 of the Dungeon.
You were not hungry.

You visited 1 branch of the dungeon, and saw 3 of its levels.

You collected 70 gold pieces.

Inventory:

Armour
 p - a +0 leather armour (worn)
Wands
 n - a wand of iceblast (0/15)
Scrolls
 e - 3 scrolls of remove curse
 f - 2 scrolls of identify
Potions
 k - 2 potions of brilliance {unknown}
 m - 3 potions of flight
 o - a potion of cancellation {unknown}
Books
 b - a book of Frost

   Spells                             Type                      Level
   a - Freeze                         Ice                          1
   b - Throw Frost                    Conjuration/Ice              2
   c - Ozocubu's Armour               Charms/Ice                   3
   d - Throw Icicle                   Conjuration/Ice              4
   e - Summon Ice Beast               Ice/Summoning                4
Comestibles
 a - 2 chunks of flesh
 c - 2 bread rations
 l - 2 fruits


   Skills:
 - Level 2.4 Dodging
 - Level 2.4 Stealth
 + Level 4.2 Spellcasting
   Level 1.1 Conjurations
 * Level 4.9 Ice Magic


You had 7 spell levels left.
You knew the following spells:

 Your Spells              Type           Power        Failure   Level  Hunger
a - Freeze                Ice            ####         2%          1    None
b - Ozocubu's Armour      Chrm/Ice       ###.....     19%         3    ##.....


Dungeon Overview and Level Annotations

Branches:
Dungeon (3/15)

Altars:


Innate Abilities, Weirdness & Mutations

You are partially covered in slimy green scales. (AC +2)
Your mind is acute. (Int +2)


Message History

Found 10 poisoned needles.
As you read the scroll labeled CIRIOF WINEOMO, it crumbles to dust.
It is a scroll of amnesia.
Forget which spell ([?*] list [ESC] exit)?
Forget which spell ([?*] list [ESC] exit)?
Okay, then.
The orc hits you but does no damage. The orc barely misses you.
The orc priest hits you with a flail!
Unknown command.
As you read the scroll labeled GANGUF WUIN, it crumbles to dust.
The dust glows faint scarlet!
It was a scroll of random uselessness.
The orc closely misses you.
An orc priest comes into view. It is wielding a falchion.
As you read the scroll labeled ZUROUF CASCHE, it crumbles to dust.
You feel as if something is helping you.
It was a scroll of remove curse.
The orc priest moves out of view.
The orc priest invokes the aid of Beogh against you.
Pain shoots through your body!
Ouch! That really hurt!
You die...

#.....(..
.......
......#
.....#
.....####
##........
#.o.......
#o@..O....
#.oo.####...
##....
#..###. #..
## ###


You could see an ogre, an orc priest and 3 orcs.

Vanquished Creatures
  Terence (D:2)
  An adder (D:2)
  2 worms (D:2)
  2 dart slugs (D:1)
  An orc (D:3)
  A giant cockroach (D:2)
  A goblin (D:2)
  8 hobgoblins
  7 jackals
  A quokka (D:3)
  2 bats
  3 kobolds
  A rat (D:2)
31 creatures vanquished.

Notes
Turn   | Place    | Note
-------+----------+-------------------------------------------
     0 | D:1      | Jarlath the Deep Elf Ice Elementalist began the quest for the Orb.
     0 | D:1      | Reached XP level 1. HP: 10/10 MP: 6/6
   578 | D:1      | Reached XP level 2. HP: 15/15 MP: 6/8
  1432 | D:2      | Reached XP level 3. HP: 10/19 MP: 5/10
  1719 | D:2      | Noticed Terence
  1722 | D:2      | Killed Terence
  1930 | D:2      | Learned a level 3 spell: Ozocubu's Armour
  2013 | D:2      | Reached XP level 4. HP: 24/24 MP: 10/12
  2243 | D:3      | Gained mutation: You are partially covered in slimy green scales. (AC +2) [potion of mutation]
  2243 | D:3      | Gained mutation: Your mind is acute. (Int +2) [potion of mutation]
  2427 | D:3      | Noticed an ogre
  2430 | D:3      | Killed from afar by an orc priest

Vault maps used:
D:1:      dpeg_arrival_leaves_temple_mockup, grunt_decor_cap
D:2:      grunt_ministairs_3, uniq_terence
D:3:      vehumet_crystals, okawaru_ov_weapons_minmay, uniq_robin

Skill      XL: |  1  2  3 |
---------------+----------+-----
Ice Magic      | 4 |  4.9
Spellcasting   | 4 |  4.2
Dodging        | |  2.4
Stealth        | |  2.4
Conjurations   | |  1.1

Action                   |  1- 3 |  4- 6 || total
-------------------------+-------+-------++-------
Melee: Unarmed           |     8 |     3 ||    11
 Cast: Freeze            |    34 |    15 ||    49
Evoke: Wand              |     5 |       ||     5
  Use: Potion            |     2 |     2 ||     4
       Scroll            |     1 |     4 ||     5
  Eat: Chunk             |     3 |     1 ||     4
Armor: Robe              |     4 |       ||     4
       Leather armour    |       |     9 ||     9
Dodge: Dodged            |    25 |    28 ||    53
